 Dungeon Crawl Stone Soup version 0.28.0 (webtiles) character file.

Game seed: 15362890168866568179

170 diecastcamel the Chopper (level 5, 0/70 HPs)
             Began as a Minotaur Berserker on Feb 12, 2022.
             Was a Believer of Trog.
             Slain by Sigmund (7 damage)
             ... on level 4 of the Dungeon.
             The game lasted 00:12:14 (2799 turns).

diecastcamel the Chopper (Minotaur Berserker)       Turns: 2799, Time: 00:12:14

Health: 0/70       AC: 22    Str: 23    XL:     5   Next: 26%
Magic:  4/4        EV:  2    Int:  4    God:    Trog [**....]
Gold:   119        SH:  0    Dex: 10    Spells: 4/4 levels left

rFire   + . .      SeeInvis .   a - +0 hand axe
rCold   + . .      Faith    .   (no shield)
rNeg    . . .      Spirit   .   (armour currently unavailable)
rPois   +          Reflect  .   (helmet currently unavailable)
rElec   +          Harm     .   (cloak currently unavailable)
rCorr   +          Rampage  .   (gloves currently unavailable)
Will    ++...      NoTele   +   (boots currently unavailable)
Stlth   +.........              (no amulet)
HPRegen 1.21/turn               (no ring)
MPRegen 0.09/turn               (no ring)

@: tree-form, resistant, strong-willed, on berserk cooldown, regenerating
A: stationary, stasis, torment immunity, boosted hp, (horns 2), (retaliatory
headbutt)
a: Renounce Religion, Berserk, Trog's Hand


You were on level 4 of the Dungeon.
You worshipped Trog.
Trog was pleased with you.
You were a tree.
You visited 1 branch of the dungeon, and saw 4 of its levels.

You collected 119 gold pieces.

Inventory:

Hand Weapons
 a - a +0 hand axe (weapon)
 e - a +0 mace
Missiles
 b - 78 stones
 h - 2 silver boomerangs (quivered)
Armour
 k - a +0 plate armour (melded)
Scrolls
 f - a scroll of fog
 i - a scroll of identify


   Skills:
 + Level 4.5 Fighting
 * Level 5.3 Axes
 + Level 3.7 Armour
 + Level 3.3 Dodging


You had 4 spell levels left.
You didn't know any spells.
Your spell library was empty.

Dungeon Overview and Level Annotations

Branches:
Dungeon (3/15)

Altars:

Annotations:
D:4 Sigmund


Innate Abilities, Weirdness & Mutations

You are a tree.
Your roots penetrate the ground, keeping you stationary.
You cannot be teleported.
You are immune to unholy pain and torment.
Your maximum health is greatly increased.
Your equipment is partially melded.
((You have a pair of horns on your head.))
((You reflexively headbutt those who attack you in melee.))


Message History

The kobold completely misses you. Something hits you!
* * * LOW HITPOINT WARNING * * *
You hit the kobold but do no damage.
The kobold is moderately wounded.
The kobold hits you with a +0 rapier.
* * * LOW HITPOINT WARNING * * *
Something completely misses you. The kobold hits you but does no damage.
You slash the kobold!
You kill the kobold!
Trog accepts your kill.
You feel yourself speed up. Something hits you.
* * * LOW HITPOINT WARNING * * *
It was a potion of resistance.
You feel protected. Something hits you but does no damage.
It was a potion of lignification.
You turn into a tree.
Your +0 plate armour melds into your body.
Your roots penetrate the ground.
Something hits you.
* * * LOW HITPOINT WARNING * * *
Unknown command.
You cannot move.
You cannot move.
You cannot move.
You cannot move.
You cannot move.
You cannot move.
You cannot move.
You are too injured to fight recklessly!
You cannot move.
You cannot move.
You cannot move.
You hear some strange, mumbled words.
Something tries to affect you, but you resist.
Something hits you.
* * * LOW HITPOINT WARNING * * *
Something hits you but does no damage.
Unknown command.
Something hits you!
You die...

#.......#
###.##### #.##
#..##
#######...####
.............+
#######...####
#.)## #♣..##
###)..##
#..{...#
#.#..#.#
#...#...#
#..#..#.#
#.#..#...
#...# ....
#..# #..g.


There were no monsters in sight!

Vanquished Creatures
  A scorpion (D:4)
  A killer bee zombie (D:3)
  3 adders (D:3)
  An adder skeleton (D:3)
  A worm (D:3)
  2 dart slugs (D:1)
  An orc (D:4)
  5 endoplasms
  A giant cockroach (D:3)
  4 hobgoblins
  8 jackals (D:1)
  A quokka (D:1)
  5 ball pythons
  6 bats
  2 frilled lizards (D:3)
  5 goblins
  5 kobolds
  3 rats
55 creatures vanquished.

Notes
Turn   | Place    | Note
-------+----------+-------------------------------------------
     0 | D:1      | diecastcamel the Minotaur Berserker began the quest for the
                  | Orb.
     0 | D:1      | Reached XP level 1. HP: 19/19 MP: 0/0
   438 | D:1      | Reached XP level 2. HP: 20/27 MP: 1/1
   522 | D:1      | Reached skill level 4 in Axes
  1073 | D:1      | Reached XP level 3. HP: 32/33 MP: 2/2
  1390 | D:2      | Reached ** piety under Trog
  2222 | D:3      | Reached XP level 4. HP: 39/40 MP: 3/3
  2739 | D:3      | Reached skill level 5 in Axes
  2742 | D:3      | You fall into a shaft and drop 1 floor!
  2758 | D:4      | Noticed a scorpion
  2764 | D:4      | Killed a scorpion
  2765 | D:4      | Reached XP level 5. HP: 47/47 MP: 4/4
  2777 | D:4      | Noticed Sigmund
  2791 | D:4      | HP: 1/47 [something (4)]
  2796 | D:4      | HP: 3/70 [something (2)]
  2799 | D:4      | Slain by Sigmund

Illustrated notes

Levels and vault maps discovered:
D:1:      sevenhm_arrival_forest_fort_large_2, layout_rooms
D:2:      layout_basic, grunt_ministairs_10
D:3:      layout_loops_ring
D:4:      layout_loops_corners, nicolae_ossuary_entry_monument,
          minmay_misc_feat_diagonals, uniq_sigmund

Skill      XL: |  1  2  3  4 |
---------------+-------------+-----
Axes           | 4 5 |  5.3
Fighting       | 4 |  4.5
Armour         | 3 |  3.7
Dodging        | 3 |  3.3

Action                   |  1- 3 |  4- 6 || total
-------------------------+-------+-------++-------
Melee: Hand axe          |   104 |    39 ||   143
       Headbutt          |    12 |     7 ||    19
       Punch             |       |     1 ||     1
Throw: Stone             |     3 |       ||     3
       Boomerang         |       |     2 ||     2
Invok: Berserk           |       |     1 ||     1
       Trog's Hand       |       |     1 ||     1
  Use: Scroll            |     1 |       ||     1
       Potion            |       |     3 ||     3
Armor: Animal skin       |     7 |       ||     7
       Leather armour    |    11 |       ||    11
       Plate armour      |    15 |    28 ||    43
       Skin              |       |     1 ||     1
Dodge: Dodged            |    56 |    24 ||    80
